Map: Dédale EC

Players

HoldTheDoor - Winner!

  • Race: Protoss Protoss
  • League: Diamond
  • Spawn Location: 7:00

era

  • Race: Terran Terran
  • League: Platinum
  • Spawn Location: 1:00

VOD

Have the link to the VOD?

Description

Time

  • Played on: July 7, 2018, 2:29 p.m.
  • Length: 9:54
Show
View Real Time Build Order
Export as new Build Order

HoldTheDoor Protoss - Winner!

Build Orders:  

Get SALT Encoding   

  12  0:01  Probe  
  13  0:13  Probe  
  14  0:18  Pylon  
  14  0:25  Probe  
  15  0:33  Probe  
  15  0:36  Gateway  
  15  0:42  Probe  
  16  0:45  Assimilator  
  17  0:52  Probe  
  18  0:57  Assimilator  
  18  1:04  Probe  
  19  1:16  Probe  
  20  1:20  Gateway  
  20  1:26  Cybernetics Core  
  20  1:28  Probe  
  21  1:40  Probe  
  21  1:46  Pylon  
  22  1:52  Pylon  
  22  1:53  Probe  
  23  2:03  Warp Gate  
  23  2:04  Stalker  
  25  2:09  Shield Battery  
  25  2:10  Stalker  
  27  2:18  Probe  
  28  2:28  Shield Battery  
  28  2:34  Stalker  
  30  2:41  Adept  
  31  2:59  Pylon  
  30  3:28  Probe  
  31  3:34  Pylon  
  31  4:04  Robotics Facility  
  31  4:12  Nexus, Probe  
  31  4:14  Pylon  
  31  4:15  Stalker x2  
  36  4:39  Stalker x2  
  34  5:12  Warp Prism  
  36  5:25  Probe  
  36  5:27  Probe  
  36  5:34  Pylon  
  36  5:35  Pylon  
  36  5:37  Probe  
  36  5:39  Stalker x2  
  36  5:41  Immortal  
  45  5:54  Probe x2  
  47  6:01  Stargate  
  47  6:04  Gateway  
  47  6:06  Probe, Gateway  
  48  6:18  Stalker x2  
  52  7:20  Void Ray, Zealot x2  
  52  7:21  Immortal  
  58  7:33  Probe x2  
  66  7:39  Assimilator  
  66  7:42  Stalker x4  
  74  7:45  Probe x2  
  76  7:57  Probe  
  73  8:01  Immortal  
  69  8:06  Adept x4  
  75  8:34  Adept x4  
  55  9:23  Adept x3  
  55  9:24  Adept  
  57  9:47  Adept  
  57  9:48  Adept x3  
Show
View Real Time Build Order
Export as new Build Order

era Terran 

Build Orders:  

Get SALT Encoding   

  12  0:01  SCV  
  13  0:15  SCV  
  13  0:20  Supply Depot  
  14  0:28  Refinery  
  14  0:41  SCV  
  15  0:51  Refinery  
  15  0:53  SCV  
  16  1:00  Supply Depot  
  16  1:07  SCV  
  17  1:14  Barracks  
  17  1:21  SCV  
  18  1:34  Barracks  
  18  1:40  SCV  
  19  1:49  Supply Depot  
  19  1:57  SCV  
  20  2:04  Reaper  
  21  2:10  Orbital Command  
  21  2:22  Factory  
  21  2:27  Reaper  
  22  2:44  Reaper  
  22  2:53  SCV  
  23  2:59  Reaper  
  24  3:11  SCV  
  26  3:23  SCV  
  25  3:36  Factory Tech Lab  
  25  3:42  Command Center  
  25  3:48  Barracks  
  23  4:01  Siege Tank  
  26  4:07  SCV  
  27  4:22  Bunker  
  27  4:24  SCV  
  27  4:36  SCV  
  27  4:37  Marine  
  26  4:55  Marine  
  26  4:57  Cyclone  
  29  5:13  Marine  
  29  5:20  Supply Depot  
  29  5:24  Supply Depot  
  29  5:30  Supply Depot  
  29  5:42  Marine x2  
  31  5:45  Marine  
  31  5:46  SCV, Siege Tank  
  36  5:58  SCV  
  36  6:00  Marine x2  
  36  6:03  Marine  
  40  6:14  Orbital Command  
  40  6:17  Marine  
  41  6:19  Barracks Tech Lab  
  41  6:22  Barracks Reactor  
  41  6:28  SCV  
  41  6:30  Starport  
  42  6:36  Siege Tank  
  45  6:40  SCV  
  45  6:42  SCV  
  46  6:52  SCV  
  46  6:54  SCV  
  48  6:56  Barracks Tech Lab  
  48  7:04  SCV  
  48  7:05  Barracks Tech Lab  
  49  7:10  SCV  
  49  7:14  Marine x3  
  53  7:22  Engineering Bay  
  53  7:24  Factory Tech Lab  
  53  7:26  SCV  
  53  7:27  SCV  
  55  7:31  Cloaking Field  
  55  7:32  Marine x3  
  58  7:50  Marine, Refinery  
  59  7:54  Refinery  
  43  8:24  Marine  
  43  8:25  Marine x3  
  36  8:42  Marine x2  
  36  8:43  Marauder x2  
  38  9:00  Marine x2  
  37  9:04  Marauder  
  37  9:05  Marauder  
  32  9:18  Marine x2  
  32  9:25  Marine  
  32  9:26  Marine  
  26  9:36  Marine x2  
Tags
 
Add a new tag
Caveats
  • Supply blocks, unpowered buildings, or Contaminate may cause inaccurate times.
  • Supply counts are checked every 10 seconds.